Map: Frost LE

Players

GAGARIN - Winner!

  • Race: Terran Terran

blackxored

  • Race: Zerg Zerg
  • League: Diamond

VOD

Have the link to the VOD?

Description

Time

  • Played on: July 1, 2016, 11:44 a.m.
  • Length: 23:00
Show
View Real Time Build Order
Export as new Build Order

GAGARIN Terran - Winner!

Build Orders: Reaper Expand, MMM Bio 

Get SALT Encoding   

  12  0:02  SCV  
  13  0:14  SCV  
  14  0:23  Supply Depot  
  14  0:26  SCV  
  15  0:44  SCV  
  15  0:45  Refinery  
  15  0:46  Barracks  
  16  0:56  SCV  
  17  1:09  SCV  
  18  1:21  SCV  
  19  1:34  Reaper  
  19  1:35  Orbital Command  
  20  1:47  Command Center  
  20  2:04  Factory  
  20  2:06  Marine, SCV  
  22  2:13  Supply Depot  
  22  2:18  SCV  
  23  2:23  Refinery  
  23  2:34  SCV  
  23  2:35  Barracks Reactor  
  24  2:47  SCV  
  25  3:07  Orbital Command  
  25  3:08  Bunker  
  25  3:09  Starport  
  25  3:11  SCV  
  26  3:23  SCV  
  26  3:24  Hellion  
  26  3:25  Hellion  
  31  3:36  SCV  
  31  3:41  Supply Depot  
  31  3:45  SCV  
  31  3:46  Hellion x2  
  36  3:48  SCV  
  37  3:57  SCV  
  37  4:01  SCV  
  39  4:05  Supply Depot, Starport Tech Lab  
  39  4:07  Hellion  
  39  4:09  SCV  
  42  4:13  SCV  
  42  4:17  Armory  
  43  4:21  SCV  
  44  4:25  Medivac, SCV  
  44  4:30  Hellion x2  
  51  4:33  SCV  
  51  4:37  SCV  
  53  4:48  Barracks Reactor  
  53  4:51  SCV  
  54  4:53  Barracks  
  54  4:54  Barracks  
  54  4:55  Command Center  
  54  4:56  SCV  
  55  5:03  Factory Tech Lab, SCV  
  56  5:08  SCV  
  57  5:15  SCV  
  57  5:20  SCV  
  59  5:27  SCV  
  60  5:32  SCV  
  60  5:34  Marine, Barracks  
  62  5:39  Marine  
  62  5:40  SCV  
  62  5:45  Starport Reactor  
  62  5:46  Supply Depot, Refinery, Siege Tank, Terran Vehicle Weapons Level 1  
  62  5:48  Engineering Bay, Refinery  
  62  5:49  Marine  
  67  5:51  Barracks Tech Lab  
  67  5:52  Marine  
  65  6:09  SCV  
  65  6:10  Marine  
  67  6:11  Barracks Reactor, Stimpack  
  67  6:15  SCV  
  68  6:20  Marine x2  
  68  6:21  Supply Depot, SCV  
  68  6:22  Supply Depot, Marine  
  68  6:23  Marine  
  73  6:26  Siege Tank  
  73  6:27  SCV  
  73  6:28  Marine  
  78  6:34  SCV  
  78  6:36  Terran Infantry Weapons Level 1  
  78  6:37  Marine  
  78  6:38  Marine  
  78  6:39  Engineering Bay, SCV, Orbital Command  
  82  6:40  Marine  
  82  6:44  Supply Depot  
  82  6:46  Supply Depot, Marine, SCV  
  85  6:50  Marine  
  86  7:04  Command Center  
  86  7:09  SCV  
  86  7:10  Marine, Medivac  
  86  7:14  Orbital Command  
  90  7:18  SCV  
  90  7:20  Supply Depot, Marine  
  90  7:21  Marine x2, SCV  
  91  7:27  Terran Infantry Armor Level 1  
  89  7:30  SCV  
  89  7:31  Supply Depot  
  89  7:32  Missile Turret  
  89  7:33  SCV  
  86  7:41  Terran Ship Weapons Level 1  
  86  7:42  SCV  
  86  7:43  Supply Depot  
  87  7:46  SCV  
  88  7:55  SCV  
  88  7:56  Marine x5  
  88  7:57  Marine  
  93  8:03  Barracks  
  93  8:04  Barracks x3  
  93  8:09  Marine, SCV  
  95  8:14  Marine  
  95  8:17  SCV  
  97  8:25  Refinery, SCV, Factory Tech Lab  
  98  8:27  Marine, SCV  
  98  8:28  Marine x2  
  98  8:29  SCV  
  98  8:30  Marine  
  98  8:32  Marine  
  105  8:34  Combat Shields, Missile Turret  
  105  8:37  SCV, Missile Turret  
  105  8:40  SCV  
  105  8:41  SCV  
  108  8:45  Supply Depot, Marine x2  
  108  8:46  Marine  
  103  8:48  Marine  
  103  8:49  SCV  
  103  8:52  SCV  
  103  8:53  Barracks Reactor x3, SCV  
  107  8:55  Refinery  
  107  8:57  Factory  
  107  9:00  Planetary Fortress  
  107  9:01  SCV  
  108  9:04  Refinery, SCV  
  108  9:05  SCV  
  108  9:06  Marine x4  
  114  9:10  Medivac  
  114  9:12  Medivac  
  114  9:13  SCV  
  114  9:14  Marine x2  
  114  9:16  Marine, SCV  
  123  9:17  Marine  
  123  9:22  Widow Mine  
  126  9:24  Marine x2  
  126  9:25  Supply Depot, Marine  
  126  9:28  Terran Infantry Weapons Level 2  
  129  9:33  Terran Infantry Armor Level 2  
  129  9:40  Medivac  
  129  9:42  Refinery  
  131  9:46  Barracks, Missile Turret  
  131  9:47  Barracks  
  131  9:51  Widow Mine  
  133  9:59  Marine x5  
  108  10:00  Marine x2, Marauder x2  
  108  10:02  Marine  
  110  10:07  Factory Reactor  
  110  10:09  SCV  
  110  10:10  SCV  
  110  10:11  Marine  
  113  10:15  Supply Depot, SCV, Missile Turret  
  113  10:19  Widow Mine  
  120  10:21  Marine x6, Marauder x2  
  120  10:22  Marine  
  120  10:24  Medivac  
  120  10:27  Marine x3  
  132  10:30  SCV  
  128  10:42  Marauder  
  128  10:44  Missile Turret  
  128  10:46  Marine x6  
  128  10:47  Marine x4, Missile Turret  
  128  10:48  Missile Turret  
  128  10:49  SCV  
  134  10:52  Missile Turret  
  134  10:55  Marine  
  134  10:56  Marine  
  136  10:57  Missile Turret  
  136  10:58  Medivac  
  138  11:04  Widow Mine x3  
  138  11:10  Marine x3  
  133  11:32  Marine x7, Marauder  
  128  11:33  Marauder, Widow Mine  
  128  11:34  Marine x2  
  128  11:35  Marine x4  
  135  11:42  Marine  
  135  11:46  Medivac  
  138  11:49  Marine  
  138  11:50  Marine x6  
  138  11:52  Marine x4  
  138  11:53  Marine x2  
  138  11:54  Marauder x2  
  155  12:00  Marine  
  138  12:12  Marine x2  
  138  12:13  Marine x4  
  138  12:15  Marauder x2  
  121  12:30  Marine x6  
  121  12:37  Marauder x2  
  131  12:38  Marine x2  
  131  12:39  Marine x3  
  131  12:40  Marine  
  131  12:41  Widow Mine  
  131  12:43  Marine  
  140  12:44  Command Center  
  140  12:57  Marine x2  
  140  12:58  Marine x5, Marauder x2  
  150  13:05  SCV  
  152  13:07  SCV  
  152  13:08  Marine  
  152  13:09  Hellion, Medivac x2  
  158  13:19  Marauder x2  
  155  13:25  Marine x7  
  155  13:26  Marine  
  141  13:29  Marine x3  
  141  13:34  SCV  
  143  13:35  Marine  
  143  13:39  Marine x2  
  143  13:41  Marauder x2  
  150  13:42  Marine x2  
  150  13:43  Marine x2  
  150  13:44  Marine x2  
  150  13:45  Marine x2  
  158  13:53  Marine  
  159  13:57  Marine x5  
  159  14:00  Marine x3  
  159  14:01  Marine  
  159  14:02  Marauder x2  
  172  14:04  Marine x4  
  170  14:19  Marine  
  170  14:23  Marauder  
  170  14:24  Marauder  
  164  14:31  Marine x2  
  164  14:32  Marine x6  
  164  14:38  Marine x4  
  166  14:39  Marine x2  
  166  14:43  Medivac x2  
  166  14:45  Marauder x2  
  176  14:46  Widow Mine  
  176  14:47  Widow Mine  
  176  14:49  Marine x4  
  176  14:50  Marine x2  
  176  14:52  Starport  
  183  15:06  Marauder x2  
  179  15:13  Medivac x2  
  177  15:15  Marine  
  177  15:16  Marine x9  
  177  15:17  Marine x3, Reaper  
  185  15:24  Orbital Command  
  185  15:25  SCV x3  
  185  15:28  Marauder x2  
  191  15:33  Marine x3  
  191  15:34  Marine x6, Missile Turret  
  200  15:37  Starport Tech Lab  
  200  15:39  Starport  
  200  15:42  Fusion Core  
  199  16:17  Liberator  
  199  16:18  Liberator  
  168  16:33  Marine x2  
  168  16:34  Marine x2, Marauder x2  
  181  16:40  Liberator x2  
  138  16:53  Marine x7  
  138  16:54  Marine x5  
  125  16:56  Marauder x2  
  125  16:59  Marine x2  
  125  17:00  Liberator x2  
  137  17:10  Marine  
  137  17:11  Marine x8, Barracks x2  
  137  17:12  Marine x3  
  147  17:17  Marine x2, Marauder x2  
  159  17:23  Liberator x2  
  159  17:28  Marine x2  
  159  17:29  Marine x5  
  164  17:33  Marine x4  
  168  17:38  Marauder x2  
  168  17:40  Terran Infantry Weapons Level 3  
  168  17:43  Liberator x2  
  178  17:49  Command Center  
  178  17:51  Marine x4  
  178  17:52  Marine  
  183  18:00  Marauder x2  
  189  18:06  Liberator x2  
  189  18:09  Advanced Ballistics  
  189  18:11  Widow Mine x3  
  195  18:15  Marine x2  
  190  18:21  Marauder x2  
  198  18:36  Refinery  
  198  18:37  Refinery  
  198  18:40  Widow Mine  
  200  18:48  Liberator  
  200  18:49  Liberator  
  180  19:12  Marine x4, Marauder  
  180  19:13  Marine x4, Marauder  
  184  19:34  Marauder x2  
  184  19:38  Marine x8  
  136  19:43  Liberator x3  
  138  19:48  Medivac  
  138  19:49  Marine x4  
  138  19:50  Marine x2  
  146  19:55  Marine, Marauder x2  
  146  19:57  Marine  
  146  19:59  Marine x3  
  155  20:01  Liberator  
  164  20:17  Marauder x2  
  171  20:23  Siege Tank  
  171  20:24  Marine x5  
  178  20:31  Marine x6  
  180  20:38  Marauder x2  
  173  20:43  Medivac x3  
  169  20:56  Marine, Siege Tank  
  169  20:57  Marine x4  
  171  20:59  Marauder x2  
  171  21:01  Marine x6, Medivac  
  171  21:02  Marine x2  
  189  21:04  Marine  
  190  21:13  Medivac  
  190  21:14  Marine x4  
  190  21:15  Marine  
  190  21:16  Medivac  
  199  21:18  Marine  
  200  21:25  Refinery  
  200  21:26  Refinery, Orbital Command  
  187  22:04  Marine x4  
  187  22:05  Marauder x2  
  133  22:24  Marine x3  
  133  22:25  Marine x7  
  133  22:26  Marine x4, Marauder x2  
Show
View Real Time Build Order
Export as new Build Order

blackxored Zerg 

Build Orders: Hatch First, Muta Ling Bane 

Get SALT Encoding   

  12  0:01  Drone  
  13  0:08  Drone  
  14  0:16  Overlord  
  14  0:22  Extractor  
  14  0:24  Drone  
  15  0:36  Drone x2  
  17  0:54  Hatchery  
  17  0:57  Drone  
  17  0:59  Drone  
  18  1:11  Extractor  
  18  1:15  Spawning Pool  
  18  1:17  Drone  
  17  1:21  Drone  
  18  1:27  Drone  
  19  1:38  Overlord  
  19  1:49  Drone  
  20  2:03  Queen  
  20  2:04  Zergling x2  
  20  2:06  Zergling x2, Queen  
  26  2:11  Zergling x2  
  26  2:14  Metabolic Boost  
  27  2:20  Drone  
  28  2:30  Drone x2  
  30  2:43  Hatchery  
  29  2:46  Overlord  
  29  2:54  Pneumatized Carapace  
  29  3:03  Drone  
  29  3:04  Drone x3  
  32  3:06  Drone  
  33  3:14  Queen  
  33  3:19  Drone  
  36  3:23  Overlord  
  36  3:45  Drone x6  
  42  4:12  Lair  
  42  4:14  Spore Crawler  
  41  4:18  Queen  
  41  4:22  Spore Crawler  
  42  4:25  Drone x2  
  42  4:29  Drone  
  45  4:31  Zergling x12  
  45  4:32  Zergling x6  
  51  4:48  Drone x2  
  51  4:51  Drone  
  54  5:00  Baneling Nest  
  54  5:02  Queen  
  55  5:11  Zergling x4  
  55  5:14  Overlord  
  57  5:16  Overseer  
  57  5:24  Spore Crawler  
  56  5:31  Queen x2  
  56  5:32  Overlord x3  
  60  5:44  Drone  
  60  5:45  Drone x4  
  62  6:11  Drone x4  
  62  6:12  Drone x5  
  62  6:18  Extractor  
  70  6:19  Extractor  
  70  6:20  Drone  
  70  6:23  Baneling x8  
  70  6:29  Drone x3  
  70  6:30  Extractor  
  70  6:31  Drone x2  
  74  6:32  Extractor  
  74  6:33  Extractor  
  74  6:34  Drone  
  74  6:39  Drone  
  74  6:43  Drone  
  74  6:44  Hatchery  
  74  6:45  Drone, Hatchery  
  75  6:47  Drone x3  
  75  6:49  Drone x3  
  75  6:51  Drone x3  
  83  6:54  Drone  
  83  7:43  Evolution Chamber  
  83  7:44  Spire, Evolution Chamber  
  78  7:56  Drone  
  78  7:57  Drone x2  
  78  7:58  Drone x3  
  82  8:00  Hatchery  
  82  8:09  Zergling x20  
  82  8:10  Zergling x6  
  82  8:12  Zerg Ground Armor Level 1  
  95  8:13  Zerg Melee Weapons Level 1  
  95  8:15  Centrifical Hooks  
  95  8:16  Overseer x2  
  95  8:26  Zergling x2  
  96  8:27  Overlord x3  
  96  8:28  Overlord  
  96  8:54  Drone x4  
  96  8:55  Drone x11  
  111  9:05  Zergling x6  
  111  9:06  Baneling  
  111  9:07  Baneling x22  
  114  9:17  Extractor  
  114  9:18  Extractor  
  114  9:20  Drone, Mutalisk x2  
  114  9:21  Mutalisk x5  
  114  9:22  Infestation Pit  
  126  9:27  Queen  
  126  9:30  Zerg Flyer Armor Level 1  
  128  9:37  Mutalisk  
  128  9:38  Mutalisk  
  130  9:40  Zergling x4  
  132  9:59  Zergling x44  
  132  10:05  Mutalisk  
  132  10:06  Overlord  
  134  10:14  Overlord x3  
  132  10:45  Zergling x54  
  132  10:48  Hive  
  132  10:49  Zerg Ground Armor Level 2, Zerg Melee Weapons Level 2  
  158  10:52  Hatchery  
  158  10:57  Drone x5  
  162  11:07  Drone  
  149  11:26  Zergling x32  
  135  11:33  Zergling x12  
  134  11:42  Zergling x2  
  134  11:43  Zergling x8  
  134  11:46  Baneling x4  
  139  11:47  Baneling x13  
  139  11:51  Zergling x10  
  134  12:13  Zergling x2  
  134  12:14  Zergling x20  
  124  12:25  Zergling x12  
  120  12:31  Zergling x4  
  120  12:35  Mutalisk  
  120  12:36  Ultralisk Cavern  
  123  12:40  Zergling x8  
  123  12:41  Zergling x2  
  126  12:53  Baneling x9  
  126  12:54  Baneling x6  
  126  12:55  Zergling x20, Baneling  
  133  13:13  Zergling x10  
  133  13:14  Zergling x22  
  147  13:26  Zergling x2  
  147  13:27  Zergling x12  
  136  13:32  Zergling x2  
  136  13:33  Zergling x4  
  139  13:35  Chitinous Plating  
  139  13:37  Zerg Melee Weapons Level 3, Zerg Ground Armor Level 3  
  139  13:43  Zergling x2  
  139  13:44  Zergling x10  
  145  13:48  Baneling  
  145  13:49  Baneling x20  
  145  13:50  Mutalisk  
  145  13:51  Mutalisk x4  
  155  14:04  Zergling x2  
  155  14:05  Zergling x12  
  162  14:12  Hatchery  
  152  14:28  Drone x7  
  152  14:29  Drone x9  
  157  14:36  Zergling x2  
  157  14:37  Zergling x8  
  162  14:40  Drone x2  
  164  14:50  Overlord x2  
  164  14:51  Overlord  
  156  15:12  Baneling  
  156  15:13  Baneling x2, Ultralisk x2  
  156  15:14  Ultralisk  
  171  15:19  Mutalisk x2  
  171  15:20  Mutalisk  
  175  15:25  Extractor  
  175  15:26  Extractor  
  173  15:31  Ultralisk  
  179  15:46  Drone x3  
  179  15:48  Drone  
  179  15:57  Hatchery  
  179  16:01  Zergling x4  
  179  16:02  Zergling x12  
  173  16:13  Spine Crawler  
  173  16:17  Zergling x2  
  173  16:18  Zergling x12  
  158  16:32  Zergling x14  
  152  16:41  Zergling x8  
  139  16:59  Zergling x2  
  139  17:00  Zergling x16  
  147  17:01  Baneling  
  147  17:02  Baneling x2  
  147  17:04  Baneling  
  147  17:05  Baneling  
  147  17:06  Baneling  
  147  17:07  Baneling  
  147  17:21  Ultralisk  
  153  17:33  Drone x6  
  159  17:45  Drone  
  159  17:46  Spore Crawler  
  159  17:55  Zergling x8  
  156  18:06  Drone x6, Hatchery  
  156  18:07  Drone  
  156  18:08  Drone  
  156  18:12  Zergling x2  
  159  18:13  Zergling x2  
  160  18:43  Drone x5  
  160  18:47  Drone  
  160  18:48  Extractor  
  165  19:01  Zergling x6  
  165  19:02  Zergling x6  
  171  19:07  Baneling x4  
  171  19:08  Baneling  
  171  19:09  Baneling, Spore Crawler  
  170  19:10  Spine Crawler  
  170  19:11  Spine Crawler  
  170  19:12  Spine Crawler x2  
  170  19:15  Zergling x2  
  170  19:16  Zergling x4  
  169  19:20  Corruptor  
  154  19:37  Corruptor x2  
  154  19:38  Corruptor x2  
  124  19:47  Corruptor  
  124  19:48  Corruptor  
  103  20:00  Zergling x18  
  106  20:11  Ultralisk  
  112  20:20  Baneling x7  
  112  20:21  Baneling x5  
  117  20:28  Ultralisk  
  116  20:39  Ultralisk  
  113  20:52  Ultralisk  
  98  21:02  Corruptor  
  77  21:12  Drone x4  
  77  21:13  Drone  
  74  21:31  Queen  
  70  21:46  Corruptor  
Tags
 
Add a new tag
Caveats
  • Supply blocks, unpowered buildings, or Contaminate may cause inaccurate times.
  • Supply counts are checked every 10 seconds.